[Event "Early-Titled-Tuesday-Blitz-March-19-2024"]
[Site "Chess.com"]
[Date "2024.03.19"]
[Round "11"]
[White "Zheenbekov86"]
[Black "RandomNoob04"]
[Result "0-1"]
[WhiteElo "2459"]
[BlackElo "2644"]
[TimeControl "180+1"]
[EndTime "10:06:58 PDT"]
[Termination "RandomNoob04 won on time"]

1. Nf3 g6 2. g3 Bg7 3. Bg2 e5 4.
O-O Ne7 5. e4 O-O 6. d3 d5 7.
exd5 Nxd5 8. Nbd2 Nc6 9. Nc4 Nb6 10. Ncd2 h6 11. h3 Be6 12. Re1 Qd7 13. Ne4 Bxh3 14.
Nc5 Qd5 15. Bxh3 Qxc5 16. Bg2 Rad8 17. a4 Rfe8 18. a5 Nd5 19. Nd2 Nxa5 20. Ne4 Qb6 21. c4 Nb4 22. Be3 Qa6 23. Nc5 Qf6 24. Rxa5 b6 25. Ne4 Qe7 26. Rxa7 Nxd3 27. Bxb6 Qb4 28.
Ba5 Qxb2 29. Re2 Qb8 30. Bxc7 Qxa7 31. Bxd8 Rxd8 32. Rd2 Qd4 33. c5 f5 34. Nd6 e4 35.
Qb3+ Kh7 36. Nf7 Rc8 37. Qe6 Nxc5 38. Qxc8 Qxd2 39. Qxc5 Bd4 40. Ng5+ hxg5 41. Qe7+ Kh6 42. Qf8+ Kh5 43. Qh8+ Bxh8 0-1

[Event "Early-Titled-Tuesday-Blitz-March-19-2024"]
[Site "Chess.com"]
[Date "2024.03.19"]
[Round "11"]
[White "Kaissa10"]
[Black "HandKnit"]
[Result "1-0"]
[WhiteElo "2320"]
[BlackElo "2469"]
[TimeControl "180+1"]
[EndTime "10:06:59 PDT"]
[Termination "Kaissa10 won on time"]

1. e4 d6 2. d4 Nf6 3. Nc3 e5 4.
Nf3 Nbd7 5. dxe5 dxe5 6. Bc4 Bb4 7.
Qe2 O-O 8. O-O c6 9. Bg5 Bxc3 10.
bxc3 Qa5 11. Bd2 Nb6 12. Bb3 Bg4 13. Qe3 Rfd8 14. c4 Qa3 15. Nxe5 Be6 16. c5 Nbd7 17. Nxd7 Rxd7 18. Bc3 Ne8 19. Rfb1 Rad8 20. h3 Qa6 21. Bxe6 fxe6 22. Qg5 Qc4 23. Qe5 Nf6 24. f3 Kf7 25. Rb4 Qe2 26. Rab1 Qxc2 27. Rxb7 Qxa2 28. Kh2 Qc4 29.
R1b4 Qd3 30. Rxd7+ Qxd7 31. Rd4 Qe7 32. Rxd8 Qxd8 33.
Qd6 Qxd6+ 34. cxd6 Ke8 35. e5 Nd5 36. Ba5 c5 37.
Kg1 c4 38. Kf2 Kd7 39. Ke2 Kc6 40. Kd2 h5 41. g4 g6 42. Kc2 c3 43. Bxc3 Ne3+ 44.
Kd3 Ng2 45. gxh5 gxh5 46. Ke4 Nh4 47. Bd2 Nf5 48. Bg5 a5 49. Bc1 a4 50. Ba3 1-0

[Event "Early-Titled-Tuesday-Blitz-March-19-2024"]
[Site "Chess.com"]
[Date "2024.03.19"]
[Round "11"]
[White "Mops_2004"]
[Black "the_chess_child"]
[Result "0-1"]
[WhiteElo "2755"]
[BlackElo "2878"]
[TimeControl "180+1"]
[EndTime "10:07:00 PDT"]
[Termination "the_chess_child won on time"]

1. e4 c5 2. Nf3 e6 3. c4 Nc6 4. d4 cxd4 5. Nxd4 Nf6 6. Nc3 Bb4 7. Nxc6 bxc6 8. Bd3 e5 9. O-O O-O 10. h3 a5 11. Be3 Rb8 12. c5 d5 13. Na4 dxe4 14. Bc4 Nd5 15. Qe2 Nxe3 16. fxe3 Qe7 17. Rac1 Qg5 18.
Kh2 Kh8 19. Rxf7 Rxf7 20. Bxf7 Qe7 21. Bh5 Be6 22. b3 Ba3 23. Rc2 Bd5 24. Qe1 Qg5 25. Bd1 Bb4 26. Qg3 Qxg3+ 27. Kxg3 Be1+ 28. Kh2 Rf8 29.
Bg4 g6 30. Nb6 h5 31. Nxd5 hxg4 32. Ne7 g3+ 33. Kg1 Bf2+ 34. Kf1 Kg7 35. Nxc6 Bxe3+ 36. Ke1 Bd4 37. Nxa5 e3 38. Nc4 Kf6 39. c6 Kf5 40. c7 Ke4 41. c8=Q Rxc8 42. Nd6+ Kd3 43. Rxc8 e2 44. Ne4 Kxe4 45. Kxe2 Bf2 46. Rc4+ Kd5 47. Kd3 Bd4 0-1

[Event "Early-Titled-Tuesday-Blitz-March-19-2024"]
[Site "Chess.com"]
[Date "2024.03.19"]
[Round "11"]
[White "Dr_Pepper18"]
[Black "DrCeltic"]
[Result "1-0"]
[WhiteElo "2448"]
[BlackElo "2575"]
[TimeControl "180+1"]
[EndTime "10:07:02 PDT"]
[Termination "Dr_Pepper18 won by checkmate"]

1. d4 Nf6 2. Nf3 d5 3. c4 c6 4. Nbd2 e6 5. g3 Be7 6. Bg2 O-O 7. O-O Nbd7 8. Qc2 b6 9. e4 dxe4 10. Nxe4 Nxe4 11. Qxe4 Bb7 12. Rd1 Qc8 13. Qe2 Re8 14. Qc2 c5 15. d5 exd5 16. cxd5 Bd6 17. Nd2 Nf6 18. Nc4 Qd7 19. Bg5 Be5 20. Nxe5 Rxe5 21.
Bxf6 gxf6 22. Rd2 Qd6 23. Rad1 Rae8 24. h4 Bc8 25. Qa4 a6 26. Qc6 Rd8 27. Bf3 Bf5 28. Qa4 b5 29. Qf4 Kg7 30. a4 Rde8 31. Kg2 h6 32. b3 Bd7 33. axb5 axb5 34. Rc1 Bf5 35. Ra1 Rc8 36. Rda2 c4 37. Ra6 Qe7 38.
Bg4 Qd7 39. Bf3 c3 40. Ra7 Qd6 41. R1a6 Qc5 42. Bg4 c2 43. Bxf5 c1=Q 44. Qg4+ Kh8 45. Rxf7 Rg8 46. Rh7# 1-0

[Event "Early-Titled-Tuesday-Blitz-March-19-2024"]
[Site "Chess.com"]
[Date "2024.03.19"]
[Round "11"]
[White "Predator0608"]
[Black "BallottiLuca"]
[Result "0-1"]
[WhiteElo "2535"]
[BlackElo "2402"]
[TimeControl "180+1"]
[EndTime "10:07:02 PDT"]
[Termination "BallottiLuca won by resignation"]

1. a3 Nf6 2. g3 g6 3. Bg2 Bg7 4. e3 O-O 5. Ne2 c5 6. O-O Nc6 7. d4 cxd4 8. Nxd4 Nxd4 9. exd4 d5 10. Bf4 Bf5 11. Nd2 Rc8 12. c3 Qb6 13. Qb3 Qxb3 14. Nxb3 b6 15. Rfe1 e6 16. a4 Bc2 17.
Nd2 a5 18. Bf1 Ra8 19. h3 h6 20. Rec1 Bf5 21. g4 g5 22. Bxg5 hxg5 23. gxf5 exf5 24. Bb5 Ne4 25. Nxe4 fxe4 26. Kf1 f5 27. Ke2 Kf7 28. Rg1 Bf6 29. Bd7 f4 30. Bg4 Rh8 31. Kd2 Ke7 32. Rgb1 Kd6 33. b4 axb4 34. Rxb4 Ra6 35. Rab1 Bd8 36.
Ra1 Bc7 37. Rb5 Ra5 38. Rxa5 bxa5 39. Rb1 Rb8 40. Rb5 Rxb5 41. axb5 Bb6 42. Kc2 f3 43. Kb3 Ke7 44. Kc2 Kd6 45. Kd2 a4 46. Kc2 Ba5 47.
Bf5 a3 48. Kb3 a2 49. Kxa2 Bxc3 50. b6 Bxd4 51. b7 Kc7 52. Be6 e3 53. fxe3 f2 0-1

[Event "Early-Titled-Tuesday-Blitz-March-19-2024"]
[Site "Chess.com"]
[Date "2024.03.19"]
[Round "11"]
[White "Sina_Movahed"]
[Black "GM_dmitrij"]
[Result "1-0"]
[WhiteElo "3104"]
[BlackElo "3096"]
[TimeControl "180+1"]
[EndTime "10:07:03 PDT"]
[Termination "Sina_Movahed won by resignation"]

1. e4 e5 2. Nf3 Nc6 3. Bb5 a6 4. Ba4 Nf6 5. O-O Bc5 6. c3 b5 7. Bb3 d6 8. d4 Bb6 9. a4 Bg4 10. axb5 axb5 11. Rxa8 Qxa8 12. h3 Bh5 13. Be3 O-O 14.
Nbd2 exd4 15. cxd4 Bxd4 16. Bg5 Bxf3 17. Nxf3 Qa7 18. Bd5 Nxd5 19. exd5 Bxb2 20. dxc6 Qc5 21. Qb3 Bc3 22. Rc1 b4 23. Bd2 Qxc6 24. Bxc3 bxc3 25.
Rxc3 Qd7 26. Qb7 Rc8 27. Nd4 g6 28. Re3 Re8 29. Qb5 Re7 30. Qxd7 Rxd7 31. Nc6 Kg7 32. Re7 Rxe7 33. Nxe7 c5 34. Nd5 f5 35. Kf1 Kf7 36. Ke2 Ke6 37. Nc7+ Ke5 38. Ke3 f4+ 39. Kd3 d5 40.
Nb5 g5 41. Na3 h5 42. f3 Kf5 43. Nb1 g4 44. Nc3 gxf3 45. gxf3 Ke5 46. h4 c4+ 47. Kd2 Kd4 48. Ne2+ Ke5 49. Kc3 Kf5 50. Kd4 Kf6 51.
Nxf4 c3 52. Kxc3 Ke5 53. Nxh5 Kf5 54. Ng3+ 1-0

[Event "Early-Titled-Tuesday-Blitz-March-19-2024"]
[Site "Chess.com"]
[Date "2024.03.19"]
[Round "11"]
[White "Meri-Arabidze"]
[Black "Gryffindorac8"]
[Result "0-1"]
[WhiteElo "2677"]
[BlackElo "2446"]
[TimeControl "180+1"]
[EndTime "10:07:03 PDT"]
[Termination "Gryffindorac8 won on time"]

1. d4 Nf6 2. c4 c5 3. d5 b5 4. cxb5 a6 5. e3 axb5 6. Bxb5 Qa5+ 7. Nc3 Bb7 8. Bd2 Qb6 9. a4 Nxd5 10. Nf3 Nf6 11.
O-O e6 12. Ne5 Be7 13. e4 O-O 14. Nc4 Qc7 15. e5 Nd5 16. Ne4 Nc6 17. Qh5 f5 18.
exf6 Nxf6 19. Nxf6+ Rxf6 20. Bg5 Rf5 21. h4 Nd4 22. Ne3 g6 23. Qg4 Rf7 24. Bxe7 Rxe7 25.
h5 Rg7 26. h6 Rf7 27. Bd3 Raf8 28. Rac1 Rf4 29. Qg5 d6 30. a5 Qf7 31. a6 Ba8 32. Ng4 d5 33. Rce1 c4 34. Bb1 Nc6 35. Ne5 Nxe5 36. Qxe5 Rf6 37. a7 Qxa7 38. Qd6 Qf7 39.
Qg3 Rf4 40. f3 Kh8 41. Qh3 d4 42. Bc2 d3 43. Ba4 Qa7+ 44. Kh1 Qxa4 45. Qxe6 Qb5 46. Re5 Qb7 47. Qd6 Qg7 48. Re7 Qf6 49. Qxf6+ R4xf6 50. Rfe1 g5 0-1

[Event "Early-Titled-Tuesday-Blitz-March-19-2024"]
[Site "Chess.com"]
[Date "2024.03.19"]
[Round "11"]
[White "Kazmin_Semyon"]
[Black "djokovic74"]
[Result "0-1"]
[WhiteElo "2568"]
[BlackElo "2734"]
[TimeControl "180+1"]
[EndTime "10:07:04 PDT"]
[Termination "djokovic74 won by checkmate"]

1. e4 e6 2. d4 d5 3. Nc3 Nf6 4. Bg5 Be7 5. e5 Nfd7 6. Bxe7 Qxe7 7. f4 O-O 8. Nf3 c5 9. Bd3 cxd4 10. Bxh7+ Kxh7 11. Ng5+ Qxg5 12. fxg5 dxc3 13. Qd3+ Kg8 14. Qxc3 Nc6 15.
O-O-O Ndxe5 16. h4 f6 17. Qg3 Bd7 18. g6 Rac8 19.
a3 d4 20. h5 Be8 21. Rh4 d3 22. Rdh1 dxc2 23. Qh3 f5 24. h6 Bxg6 25. hxg7 Rfd8 26. Rh8+ Kf7 27. Rxd8 Rxd8 28. Qh8 Rg8 29. Kxc2 Nd4+ 30. Kb1 f4+ 31. Ka2 Be4 32. Qh4 Bd5+ 33. Kb1 Be4+ 34. Ka1 Nc2+ 35. Ka2 Ng6 36. Qg5 Bf5 37. Qh5 Rxg7 38.
Qf3 Ne3 39. Qxb7+ Kf6 40. Qb8 Be4 41. Qd8+ Ne7 42. Rh8 Bd5+ 43. Kb1 Rxg2 44. Rf8+ Ke5 45. Qxe7 Rg1# 0-1

[Event "Early-Titled-Tuesday-Blitz-March-19-2024"]
[Site "Chess.com"]
[Date "2024.03.19"]
[Round "11"]
[White "SlavenPastar"]
[Black "Flawless_Fighter"]
[Result "1-0"]
[WhiteElo "2587"]
[BlackElo "2817"]
[TimeControl "180+1"]
[EndTime "10:07:04 PDT"]
[Termination "SlavenPastar won by resignation"]

1. b3 Nf6 2. Bb2 e6 3. Nf3 d5 4. e3 Be7 5. c4 O-O 6. cxd5 exd5 7. Be2 Bf5 8. O-O Nbd7 9. d3 c6 10. Nbd2 h6 11. Re1 Bh7 12. Nf1 a5 13. a3 Bd6 14.
Ng3 Re8 15. Qc2 Qb6 16. Bf1 Re6 17. Bc3 Rae8 18. Qb2 c5 19. d4 a4 20. dxc5 Nxc5 21. bxa4 Qxb2 22. Bxb2 Nxa4 23. Bxf6 Rxf6 24. Nd4 Ra8 25.
Rec1 Bg6 26. Be2 Be5 27. Bf3 Ra5 28. Rc8+ Kh7 29. Rd8 Rd6 30. Rxd6 Bxd6 31. Nge2 b6 32. Nb3 Ra7 33. Bxd5 Nb2 34. Ra2 Nd3 35. Nc3 Be5 36. Nb5 Rd7 37. e4 Nf4 38. Rd2 f5 39. g3 Nxd5 40.
Rxd5 Re7 41. f4 Bb2 42. e5 Bf7 43. Rd2 Bxe5 44. fxe5 Bxb3 45. Nd4 Bc4 46. e6 Kg6 47. Kf2 Kf6 48. Rb2 Ke5 49. Nc6+ Kxe6 50. Nxe7 Kxe7 51.
Rxb6 Kf7 52. Ke3 g5 53. Rxh6 1-0

[Event "Early-Titled-Tuesday-Blitz-March-19-2024"]
[Site "Chess.com"]
[Date "2024.03.19"]
[Round "11"]
[White "AttackSparrow"]
[Black "Quattroporte300"]
[Result "1-0"]
[WhiteElo "2651"]
[BlackElo "2512"]
[TimeControl "180+1"]
[EndTime "10:07:04 PDT"]
[Termination "AttackSparrow won by resignation"]

1. Nf3 c5 2. e3 Nc6 3. d4 cxd4 4. exd4 d5 5. Bb5 Nf6 6. h3 g6 7. c3 Bg7 8. O-O O-O 9. Re1 a6 10. Bf1 Ne4 11. Bf4 Qb6 12. Qb3 Qd8 13. Nbd2 Nxd2 14. Nxd2 b5 15. a4 bxa4 16. Rxa4 Ra7 17. Qa3 a5 18. Qa2 e6 19. b4 Bd7 20. Ra1 Qa8 21. b5 Ne7 22. Rxa5 Rxa5 23. Qxa5 Qc8 24. Qb4 Nf5 25. Ra7 Re8 26. b6 Bf8 27. Qa5 Bd6 28.
Bxd6 Nxd6 29. Qc5 Nb7 30. Qxc8 Bxc8 31. Ba6 Nd6 32. b7 Bxb7 33. Bxb7 Re7 34. Ra8+ Kg7 35. Bc6 Rc7 36. Ra6 Nc8 37. c4 dxc4 38. Nxc4 Ne7 39. Bb5 Nd5 40. Ne3 Nc3 41. Bf1 Ne4 42. Ra1 Rc3 43. Rd1 Nd6 44. d5 e5 45. Rd2 f5 46. Rc2 Ra3 47. Nc4 Nxc4 48. Rxc4 e4 49. Rd4 Kf6 50. d6 Ra8 51. d7 Rd8 52. Bb5 Ke7 53.
f3 e3 54. f4 Rb8 55. Rd5 Kd8 56.
Kf1 Ra8 57. Re5 Ra1+ 58. Ke2 Ra2+ 59. Kxe3 Ra3+ 60. Kf2 Ra2+ 61. Ke1 Ra1+ 62. Kd2 Ra2+ 63. Kc1 Ra1+ 64. Kb2 1-0

[Event "Early-Titled-Tuesday-Blitz-March-19-2024"]
[Site "Chess.com"]
[Date "2024.03.19"]
[Round "11"]
[White "Roedor"]
[Black "MikeWizard"]
[Result "0-1"]
[WhiteElo "2297"]
[BlackElo "2151"]
[TimeControl "180+1"]
[EndTime "10:07:04 PDT"]
[Termination "MikeWizard won on time"]

1. c4 Nf6 2. g3 g6 3. Bg2 Bg7 4. Nc3 O-O 5. Nf3 d6 6. O-O c5 7. d4 Nc6 8. dxc5 dxc5 9. Be3 Qa5 10. Qb3 Rd8 11. Qb5 Qxb5 12. cxb5 Nd4 13. Rfd1 Ng4 14. Na4 Nxe2+ 15. Kf1 Nd4 16. Nxc5 e5 17. Nxd4 exd4 18. Bxb7 Bxb7 19. Nxb7 Rd7 20. Nc5 Rd5 21. Nb3 Rad8 22. Bf4 g5 23. h3 gxf4 24. hxg4 fxg3 25. fxg3 Rxb5 26. Kg2 d3 27. Rd2 a5 28. Rb1 a4 29. Nc1 Bh6 30. Rxd3 Rxd3 31. Nxd3 a3 32. Kf3 axb2 33. Rxb2 Ra5 34. Nf4 Ra3+ 35. Ke4 Ra4+ 36.
Kf5 Ra5+ 37. Ke4 Ra4+ 38. Ke3 Ra3+ 39. Ke2 Rxg3 40. Rb8+ Bf8 41. a4 Rxg4 42. Kf3 Rg1 43. Ra8 h5 44. Nxh5 Rf1+ 45. Kg4 f5+ 46. Kg5 Kf7 47.
Ra7+ Ke6 48. Nf4+ Kd6 49. Ra6+ Kc5 50. Ne6+ Kb4 51. Nxf8 f4 52. Ne6 f3 0-1

[Event "Early-Titled-Tuesday-Blitz-March-19-2024"]
[Site "Chess.com"]
[Date "2024.03.19"]
[Round "11"]
[White "dropstoneDP"]
[Black "Elegance_Riks"]
[Result "1/2-1/2"]
[WhiteElo "2987"]
[BlackElo "2797"]
[TimeControl "180+1"]
[EndTime "10:07:05 PDT"]
[Termination "Game drawn by repetition"]

1. e4 e6 2. d4 d5 3. Nc3 Bb4 4. e5 c5 5. a3 Bxc3+ 6. bxc3 Ne7 7. Qg4 Qc7 8. Qxg7 Rg8 9. Qxh7 cxd4 10. Qd3 dxc3 11. Ne2 Nbc6 12. Qxc3 Qxe5 13. Qxe5 Nxe5 14. h4 Bd7 15. Bg5 Rc8 16. Nd4 a6 17. Be2 N7c6 18. Nxc6 Bxc6 19. Rb1 Nd7 20. Rh2 f6 21. Bd2 d4 22. f3 Bd5 23. Bd3 Ne5 24. Rb4 Nxd3+ 25. cxd3 e5 26. Rb6 Kf7 27. h5 Bc6 28. h6 Rh8 29. f4 e4 30. dxe4 Bxe4 31. Rd6 Rcd8 32. Rxd8 Rxd8 33. g4 Re8 34. Re2 Bc6 35. Rxe8 Bxe8 36.
Kf2 Kg6 37. f5+ Kh7 38. Kg3 Ba4 39. Kh4 Bc2 40. Bb4 Be4 41. Bd2 d3 42. g5 Bxf5 43.
gxf6 Kg6 44. h7 Kxh7 45. Kg5 Bg6 46. Kf4 Kg8 47. Ke5 Kf7 48. Bc3 Bh5 49. Kd6 d2 50.
Bxd2 Kxf6 51. Kc7 Bf3 52. Kb6 Bc6 53. a4 Kf5 54. a5 Ke4 55. Bh6 Kd3 56. Bf8 Ke2 57. Bd6 Kd3 58. Bc7 Ke2 59. Bb8 Kf3 60.
Bc7 Ke4 61. Bb8 Kf5 62. Bc7 Ke6 63. Bb8 Kd7 64. Bh2 Kc8 65. Bg1 Kd7 66. Bh2 Kc8 67. Bg1 Kd7 68. Bh2 1/2-1/2

[Event "Early-Titled-Tuesday-Blitz-March-19-2024"]
[Site "Chess.com"]
[Date "2024.03.19"]
[Round "11"]
[White "KVAIDAN"]
[Black "FARIZA2018"]
[Result "0-1"]
[WhiteElo "2318"]
[BlackElo "2535"]
[TimeControl "180+1"]
[EndTime "10:07:06 PDT"]
[Termination "FARIZA2018 won by checkmate"]

1. f4 d5 2. Nf3 c5 3. e3 Nf6 4. b3 Nc6 5. Bb2 e6 6. Bb5 Be7 7. O-O O-O 8. Ne5 Qc7 9. Bxc6 bxc6 10. Rf3 Rd8 11. Rg3 d4 12. Na3 Ne4 13. Rh3 g6 14. d3 Nf6 15. Nac4 Ba6 16. Qf3 Bf8 17. e4 Bg7 18. f5 exf5 19. exf5 Nd5 20. Ng4 Bc8 21.
fxg6 fxg6 22. Nh6+ Bxh6 23. Rxh6 Rf8 24. Qg3 Qg7 25. Rh4 Bf5 26. Rf1 Rf6 27. Ba3 Nb4 28. Bxb4 cxb4 29. Rhf4 Raf8 30. Qg5 h6 31. Qg3 c5 32. h4 Be6 33. Ne5 Rxf4 34. Rxf4 Bf5 35. h5 Qxe5 36. hxg6 Qg7 37. Qf3 Bxg6 38. Qd5+ Kh7 39.
Rxf8 Qxf8 40. Qxc5 Qxc5 41. g4 Qe5 42. Kg2 Qe3 43.
a4 Be8 44. a5 Bc6+ 45. Kh2 Qf2+ 46. Kh3 Qg2+ 47. Kh4 Qh2# 0-1

[Event "Early-Titled-Tuesday-Blitz-March-19-2024"]
[Site "Chess.com"]
[Date "2024.03.19"]
[Round "11"]
[White "Sofia_Blokhin"]
[Black "Alenzer"]
[Result "0-1"]
[WhiteElo "2230"]
[BlackElo "2184"]
[TimeControl "180+1"]
[EndTime "10:07:06 PDT"]
[Termination "Alenzer won by checkmate"]

1. d4 d5 2. c4 dxc4 3. Nf3 Nf6 4. e3 a6 5. a4 e6 6. Bxc4 Nc6 7. O-O Be7 8. Nc3 O-O 9. e4 b6 10. e5 Nd5 11. Bd3 f5 12. exf6 Nxf6 13. Be3 Bb7 14.
Ng5 Qd7 15. Qc2 h6 16. Nh7 Nb4 17. Nxf8 Rxf8 18. Qd2 Nxd3 19. Qxd3 Nd5 20. Qg6 Nf4 21. Bxf4 Rxf4 22. Rae1 Rf6 23. Qg4 Kh7 24. Ne4 Rg6 25.
Qd1 Bb4 26. Re3 Qd5 27. f3 a5 28. Nc3 Qg5 29. Qc2 Qxe3+ 30. Kh1 Qxd4 31. Ne2 Qc5 32.
Qd3 Qf5 33. Qd7 Bd6 34. Rd1 Qh5 35. Rxd6 cxd6 36. Qxb7 Qg5 37. f4 Qg4 38. Ng1 Qd1 39. Qxb6 d5 40. Qd6 Qd2 41. g3 Qd3 42. Qb6 Qe4+ 43.
Nf3 Qxf3+ 44. Kg1 Qd1+ 45. Kg2 Qd3 46. Kf2 Qe4 47. Kg1 e5 48. Qxa5 Rc6 49. Qd2 Rc2 50.
Qd1 Qg2# 0-1

[Event "Early-Titled-Tuesday-Blitz-March-19-2024"]
[Site "Chess.com"]
[Date "2024.03.19"]
[Round "11"]
[White "ChainedDowntohell"]
[Black "atalz0"]
[Result "1-0"]
[WhiteElo "2511"]
[BlackElo "2367"]
[TimeControl "180+1"]
[EndTime "10:07:07 PDT"]
[Termination "ChainedDowntohell won on time"]

1. d4 Nf6 2. c4 e6 3. Nf3 d5 4. Nc3 c5 5. e3 Nc6 6. cxd5 exd5 7. Bb5 cxd4 8. exd4 Bd6 9. O-O O-O 10. Bg5 Be6 11.
Bxc6 bxc6 12. Qa4 c5 13. dxc5 Bxc5 14. Rad1 Rb8 15. Bxf6 Qxf6 16. Nxd5 Qxb2 17. Rd2 Qb5 18. Qxb5 Rxb5 19. Nc7 Rb6 20. Nxe6 Rxe6 21. Rc1 Bb6 22. g3 h6 23. Kg2 Rfe8 24. Rcc2 g5 25. h4 g4 26. Nd4 Rf6 27. Nb5 Kg7 28. Nc3 Rf5 29.
Nd5 Ba5 30. Rd4 h5 31. Nf4 Re7 32. Rd5 Ree5 33. Rxe5 Rxe5 34. Rc6 Bb6 35. a4 Ra5 36. Rd6 Rxa4 37. Nxh5+ Kf8 38. Nf6 Ra2 39. Nxg4 Ke7 40. Rc6 f5 41. Ne5 Rxf2+ 42. Kh3 Re2 43. Nc4 Bd4 44.
Rd6 Bc5 45. Rd5 Bf2 46. Rxf5 Ke6 47. Ra5 Rc2 48. Na3 Rc3 49. Kg4 Bxg3 50. Nb5 Rd3 51. Rxa7 Be5 52. Rb7 Rb3 53. Nd4+ Bxd4 54. Rxb3 1-0

[Event "Early-Titled-Tuesday-Blitz-March-19-2024"]
[Site "Chess.com"]
[Date "2024.03.19"]
[Round "11"]
[White "VD_coach"]
[Black "chessjazda"]
[Result "0-1"]
[WhiteElo "2504"]
[BlackElo "2290"]
[TimeControl "180+1"]
[EndTime "10:07:09 PDT"]
[Termination "chessjazda won on time"]

1. Nf3 d6 2. d4 g6 3. c4 Bg7 4.
Nc3 Nf6 5. g3 c6 6. Bg2 O-O 7. O-O Qc7 8. Bf4 Nbd7 9. c5 h6 10.
Rc1 g5 11. cxd6 exd6 12. Bd2 Nb6 13. a4 Re8 14. a5 Nc4 15. b3 Nxa5 16. Nb5 Qd8 17.
Bxa5 Qxa5 18. Nxd6 Re6 19. Nc4 Qb4 20. Nfe5 Nd5 21. e4 Ne7 22. Nd3 Qb5 23. d5 cxd5 24.
exd5 Nxd5 25. Re1 Nc3 26. Qc2 Bd7 27. Rxe6 Bxe6 28. Nd6 Qd7 29. Nxb7 Rc8 30. Ndc5 Qb5 31. h4 Rxc5 32. Nxc5 Qxc5 33. hxg5 hxg5 34. Kh2 Qb4 35. Ra1 a5 36. Re1 Qd4 37. Re3 Nd1 38. Rd3 Qxf2 39. Qxd1 Be5 40. Qf1 Qb6 41. Qh1 Qc7 42. Qg1 g4 43.
Qe3 f6 44. Rd2 Qh7+ 45. Kg1 Qb1+ 46. Bf1 Qf5 47. Rd8+ Kg7 48. Qf2 Qe4 49. Bg2 Qb1+ 50. Kh2 Qxb3 51. Qd2 Qxg3+ 52. Kg1 Bf5 53. Rd7+ Kg6 0-1

[Event "Early-Titled-Tuesday-Blitz-March-19-2024"]
[Site "Chess.com"]
[Date "2024.03.19"]
[Round "11"]
[White "suyu28"]
[Black "cande_francisco"]
[Result "1-0"]
[WhiteElo "2853"]
[BlackElo "2559"]
[TimeControl "180+1"]
[EndTime "10:07:12 PDT"]
[Termination "suyu28 won by resignation"]

1. Nf3 c5 2. g3 Nc6 3. c4 g6 4. Bg2 Bg7 5. Nc3 d6 6. h4 h5 7. e3 Bg4 8. Qb3 Qd7 9. d3 Nb4 10. Ne2 Nf6 11. a3 Nc6 12. Ng5 Qc7 13. Nf4 O-O 14.
Qc2 e5 15. Nd5 Nxd5 16. cxd5 Ne7 17. Bd2 Rac8 18. O-O b5 19. Rac1 a5 20. b4 axb4 21.
axb4 Qb7 22. Ne4 cxb4 23. Qb3 Qd7 24. Bxb4 Nf5 25. f3 Nxe3 26. fxg4 Nxf1 27. Rxf1 Qxg4 28.
Bxd6 Rfe8 29. Bb4 Qe2 30. d6 Rc2 31. Qxf7+ Kh7 32. Rf2 Qd1+ 33. Bf1 Rf8 34. Ng5+ Kh6 35. d7 Rxf7 36. Nxf7+ Kh7 37. Ng5+ Kh6 38. d8=Q Qg4 39. Nf7+ Kh7 40. Ng5+ Kh6 41. Rxc2 Qxb4 42. Nf7+ Kh7 43. Ng5+ Kh6 44. Qd5 Qg4 45. Qf3 Qd4+ 46. Kh1 e4 47. Nf7+ Kh7 48. Ng5+ Kh6 49. dxe4 b4 50. Nf7+ Kh7 51. Ng5+ Kh6 52. Rc7 Qa1 53. Nf7+ Kh7 54. Ng5+ Kh6 55. Ne6 Be5 56. Qe3+ 1-0

[Event "Early-Titled-Tuesday-Blitz-March-19-2024"]
[Site "Chess.com"]
[Date "2024.03.19"]
[Round "11"]
[White "lamomiajunior"]
[Black "DonkyDonkyDonkey"]
[Result "1-0"]
[WhiteElo "2780"]
[BlackElo "2972"]
[TimeControl "180+1"]
[EndTime "10:07:13 PDT"]
[Termination "lamomiajunior won on time"]

1. d4 Nf6 2. c4 e6 3. Nc3 Bb4 4.
e3 O-O 5. Bd2 b6 6. Nf3 d5 7.
cxd5 exd5 8. Bd3 Bb7 9. Rc1 Be7 10. Ne5 c5 11. O-O Nc6 12. Ne2 Rc8 13. f4 Bd6 14. Bc3 Re8 15. Ng3 cxd4 16. exd4 b5 17. Bxb5 Qb6 18.
Bxc6 Bxc6 19. Kh1 Bb5 20. Re1 Ba6 21. Qf3 Ne4 22. Nxe4 dxe4 23. Qxe4 Bb7 24. Qd3 f6 25. Nf3 Bxf4 26. Rcd1 Bd5 27. Qf5 Bxf3 28. gxf3 Qd6 29. d5 Bxh2 30. Re6 Qg3 31. d6 Qh4 32. Kg2 Bf4 33. Rd3 g6 34. d7 Rf8 35. Qh3 Qg5+ 36. Qg4 Rcd8 37. Qxg5 Bxg5 38. Ba5 Kf7 39. Rc6 f5 40. f4 Bh4 41. Bxd8 Bxd8 42. Rc8 h6 43. Kf3 g5 44. fxg5 hxg5 45. Rc5 Kg6 46. Rd6+ Kh5 47. Rcc6 g4+ 48. Kg3 f4+ 49. Kg2 f3+ 50. Kf1 g3 51.
Rh6+ Kg4 52. Rhg6+ Kh3 53. Rh6+ Bh4 54. Rxh4+ Kxh4 55. Rc8 g2+ 56. Kf2 1-0

[Event "Early-Titled-Tuesday-Blitz-March-19-2024"]
[Site "Chess.com"]
[Date "2024.03.19"]
[Round "11"]
[White "djano"]
[Black "malakismayil"]
[Result "1-0"]
[WhiteElo "2631"]
[BlackElo "2526"]
[TimeControl "180+1"]
[EndTime "10:07:14 PDT"]
[Termination "djano won on time"]

1. e4 e5 2. d4 exd4 3. Bc4 Nc6 4. Nf3 d6 5. Nxd4 Nf6 6. Nc3 Be7 7. Bf4 O-O 8. f3 h6 9. Nf5 Bxf5 10. exf5 Re8 11. O-O Ne5 12. Bb3 c5 13. Nd5 c4 14.
Ba4 Rf8 15. c3 Nd3 16. Nxe7+ Qxe7 17. Qd2 Nd5 18. Bg3 Qe3+ 19. Qxe3 Nxe3 20. Bxd6 Nxf1 21. Bxf8 Kxf8 22. Kxf1 Nxb2 23. Bc2 b6 24. Ke2 Re8+ 25. Kd2 Rd8+ 26. Ke2 Nd3 27. g3 Nc5 28. Rb1 Ke7 29.
Rb4 Kd6 30. Rxc4 Re8+ 31. Kd2 Re7 32. Rd4+ Kc7 33. f6 gxf6 34. Rh4 Rd7+ 35. Ke2 Re7+ 36. Kd2 Rd7+ 37. Ke3 Re7+ 38. Kf2 Rd7 39. Ke2 Re7+ 40.
Kd1 Re3 41. f4 Rxc3 42. Rxh6 Nd7 43. Bf5 Ra3 44. Rh7 Kd6 45. Rxf7 Nc5 46. Rxf6+ Kd5 47.
Rf7 Rxa2 48. h4 Rg2 49. g4 Kd4 50. h5 Ke3 51. h6 Rh2 52. h7 Nb3 53. Re7+ Kf3 54.
Re8 Rd2+ 55. Ke1 Rg2 56. Be4+ Kg3 57. Bxg2 1-0

[Event "Early-Titled-Tuesday-Blitz-March-19-2024"]
[Site "Chess.com"]
[Date "2024.03.19"]
[Round "11"]
[White "PepeCuenca"]
[Black "ketster"]
[Result "1-0"]
[WhiteElo "2734"]
[BlackElo "2580"]
[TimeControl "180+1"]
[EndTime "10:07:15 PDT"]
[Termination "PepeCuenca won on time"]

1. d4 Nf6 2. Bf4 e6 3. e3 c5 4.
Nd2 Nc6 5. Ngf3 d5 6. c3 cxd4 7. exd4 Nh5 8. Be3 Bd6 9. Bd3 Nf4 10. Bxf4 Bxf4 11. O-O O-O 12. Re1 g6 13. a4 a5 14.
Nb1 f6 15. Na3 e5 16. g3 e4 17. gxf4 exd3 18. Qxd3 Bf5 19. Qd2 Qd7 20. Re3 Rae8 21. Qe2 Nd8 22. Nh4 Rxe3 23. fxe3 Be4 24. Ng2 g5 25. fxg5 fxg5 26. Rf1 Rxf1+ 27. Qxf1 Qg4 28. Nb1 Bxg2 29. Qxg2 Qd1+ 30. Qf1 Qg4+ 31. Kf2 Ne6 32. Nd2 Qf5+ 33. Ke2 Qc2 34. Qf6 Ng7 35. Qxg5 Qxb2 36.
Qxd5+ Kf8 37. Qxa5 Qc2 38. Qb4+ Kf7 39. Qxb7+ Kg6 40.
Qe4+ Qxe4 41. Nxe4 Ne6 42. a5 Nc7 43. Nc5 Nb5 44.
Kd3 Na7 45. c4 Kg5 46. Ke2 Kg4 47. Kf2 Kh3 48. Kg1 Nc6 49. a6 Na7 50. d5 Nc8 51. e4 h5 52. e5 Kg4 53. d6 Kf5 54. d7 Nb6 55. d8=Q 1-0

[Event "Early-Titled-Tuesday-Blitz-March-19-2024"]
[Site "Chess.com"]
[Date "2024.03.19"]
[Round "11"]
[White "ploxoi"]
[Black "Barmen_EV"]
[Result "0-1"]
[WhiteElo "2437"]
[BlackElo "2565"]
[TimeControl "180+1"]
[EndTime "10:07:18 PDT"]
[Termination "Barmen_EV won by resignation"]

1. d4 f5 2. Nf3 Nf6 3. g3 g6 4.
Bg2 Bg7 5. O-O O-O 6. b3 d6 7.
Bb2 Qe8 8. c4 Nc6 9. d5 Nb8 10.
Nc3 a5 11. Qc2 Na6 12. Rad1 Nc5 13. Rfe1 Bd7 14. Nd4 c6 15. Qb1 Rc8 16. Qa1 Qf7 17.
Bf3 Nfe4 18. e3 g5 19. Nce2 h5 20. Bg2 h4 21. gxh4 gxh4 22. Nf4 Be5 23. Nf3 Bxb2 24.
Qxb2 Kh7 25. h3 Rg8 26. Kh2 Rg7 27. Rg1 Rcg8 28. Nxh4 Ng5 29. Qe2 Be8 30. Nf3 Nge4 31. Nd4 Rg5 32. Bf3 Qf6 33. Rxg5 Rxg5 34. Nde6 Rg8 35.
Nxc5 Nxc5 36. Qd2 Qg5 37. Ne2 Bh5 38. Rg1 Qh4 39. Rxg8 Kxg8 40. Nd4 Bg4 41. Bg2 Ne4 42. Kg1 Nxd2 43. hxg4 fxg4 44. dxc6 bxc6 45. Bxc6 Nf3+ 46. Nxf3 gxf3 47. Bxf3 Qg5+ 48. Kf1 Qf5 49. Bd5+ Kg7 50. Kg2 Qb1 51. a3 Qa2 52. b4 axb4 53. axb4 Qb2 54.
b5 Kf6 55. Bg8 e6 56. b6 Qxb6 57. Kf3 Qb7+ 58. Ke2 Qg7 59. Bh7 Qxh7 0-1